[Event "72nd RUS-ch Higher League 2019"]
[Site "Yaroslavl"]
[Date "2019.06.27"]
[Round "1.7"]
[White "Levin, Evgeny A."]
[Black "Ponkratov, Pavel"]
[Result "1-0"]
[ECO "D82"]
[WhiteElo "2504"]
[BlackElo "2649"]
[Annotator "RC"]
[PlyCount "111"]
[EventDate "2019.06.27"]
[EventType "swiss"]
[EventCountry "RUS"]
[SourceTitle "playchess.com"]
[Source "ChessBase"]
[SourceQuality "1"]
[TimeControl "40/5400+30:1800+30"]

1. d4 Nf6 2. c4 g6 3. Nc3 d5 4. Bf4 Bg7 5. e3 e6 6. Nf3 O-O 7. Rc1 a6 8. a3 b6 9. b4 dxc4 10. Bxc4 Bb7 11. O-O Nbd7 12. d5 Re8 13. dxe6 fxe6 14. Qb3 Nf8 15. Rfd1 Qe7 16. a4 Kh8 17. Be2 Rac8 18. Ne5 N8d7 19. Bf3 Bxf3 20. Nxf3 c6 21. Bd6 Qf7 22. Ng5 Qg8 23. Bg3 c5 24. bxc5 Rxc5 25. Nge4 Rc6 26. Nxf6 Nxf6 27. Ne2 Rxc1 28. Rxc1 Nd7 29. Rc7 Rd8 30. h3 e5 31. Qxg8+ Kxg8 32. Nc3 Kf7 33. Nd5 Ke6 34. e4 Kd6 35. Ra7 a5 36. Bh4 Rb8 37. Be7+ Ke6 38. Ba3 Bf8 39. Nc7+ Kf6 40. Nd5+ Ke6 41. Nc7+ Kf6 42. Bb2 Bc5 43. Kf1 Rf8 44. Ke2 g5 45. f3 Rd8 46. g3 Ke7 47. Nb5 Bd6 48. Bc1 h6 49. Be3 Rb8 50. h4 gxh4 51. gxh4 h5 52. Bg5+ Ke6 53. f4 exf4 54. Nd4+ Ke5 55. Rxd7 Kxd4 56. Kf3 {[%emt 0:00:43] Kd5} 1-0

[Event "72nd RUS-ch Higher League 2019"]
[Site "Yaroslavl"]
[Date "2019.06.27"]
[Round "1.15"]
[White "Bigaliev, Renat"]
[Black "Khismatullin, Denis"]
[Result "1-0"]
[ECO "E10"]
[WhiteElo "2427"]
[BlackElo "2618"]
[Annotator "RC"]
[PlyCount "101"]
[EventDate "2019.06.27"]
[EventType "swiss"]
[EventCountry "RUS"]
[SourceTitle "playchess.com"]
[Source "ChessBase"]
[SourceQuality "1"]
[TimeControl "40/5400+30:1800+30"]

1. d4 Nf6 2. c4 e6 3. Nf3 a6 4. Nc3 d5 5. Bg5 dxc4 6. a4 Bb4 7. e3 h6 8. Bxf6 Qxf6 9. Bxc4 c5 10. O-O cxd4 11. Ne4 Qe7 12. Nxd4 O-O 13. Qb3 Bd7 14. Nc2 Ba5 15. Qxb7 Nc6 16. Qb3 Ne5 17. Be2 Bc6 18. Ng3 Rfb8 19. Qa3 Qxa3 20. Nxa3 Rb4 21. Rfc1 Rxb2 22. Rc5 Bc7 23. f4 Bd6 24. Rcc1 Bd5 25. fxe5 Bxe5 26. Nc4 Rxe2 27. Nxe5 Rxg2+ 28. Kf1 Rxh2 29. e4 Bb3 30. Rc3 Rb8 31. Nc6 Rb6 32. a5 Rb7 33. Nd4 Ba2 34. Nde2 Rb2 35. Rc6 h5 36. Kg1 Rh3 37. Rb6 Rd2 38. Kg2 Rh4 39. Rc1 f5 40. exf5 exf5 41. Kf2 Bd5 42. Rd6 f4 43. Nf1 Rd3 44. Rc3 Rd1 45. Rc8+ Kh7 46. Rcd8 f3 47. Nc3 Rxf1+ 48. Kxf1 Rh1+ 49. Kf2 Rh2+ 50. Ke3 Bb7 51. Rb6 1-0

[Event "72nd RUS-ch Higher League 2019"]
[Site "Yaroslavl"]
[Date "2019.06.27"]
[Round "1.21"]
[White "Rychkov, Oleg"]
[Black "Kobalia, Mikhail"]
[Result "1-0"]
[ECO "E73"]
[WhiteElo "2409"]
[BlackElo "2608"]
[Annotator "RC"]
[PlyCount "89"]
[EventDate "2019.06.27"]
[EventType "swiss"]
[EventCountry "RUS"]
[SourceTitle "playchess.com"]
[Source "ChessBase"]
[SourceQuality "1"]
[TimeControl "40/5400+30:1800+30"]

1. c4 g6 2. Nc3 Bg7 3. d4 Nf6 4. e4 O-O 5. Be2 d6 6. Bg5 Nbd7 7. Qd2 e5 8. d5 Nc5 9. f3 h6 10. Bh4 a5 11. g4 Bd7 12. Nh3 Na4 13. Nxa4 Bxa4 14. Nf2 Bd7 15. Nd1 Kh7 16. Bf2 Qb8 17. h4 h5 18. g5 Ne8 19. Nc3 f6 20. Be3 Rf7 21. O-O-O f5 22. exf5 Bxf5 23. Ne4 Bh8 24. Bd3 c6 25. Kb1 a4 26. a3 c5 27. Rhf1 Ra7 28. Qc2 Qc8 29. f4 b5 30. cxb5 Rae7 31. fxe5 Rxe5 32. Ng3 Ng7 33. Bxf5 Nxf5 34. Nxf5 Rexf5 35. Rxf5 Qxf5 36. Qxf5 Rxf5 37. Kc2 Rf7 38. b3 axb3+ 39. Kxb3 Rf3 40. Rd3 Bd4 41. b6 Bxe3 42. b7 c4+ 43. Kxc4 Rf4+ 44. Kb5 Ba7 45. Rc3 1-0

[Event "72nd RUS-ch Higher League 2019"]
[Site "Yaroslavl"]
[Date "2019.06.27"]
[Round "1.23"]
[White "Truskavetsky, Alexandr"]
[Black "Paravyan, David"]
[Result "0-1"]
[ECO "A40"]
[WhiteElo "2398"]
[BlackElo "2605"]
[Annotator "RC"]
[PlyCount "111"]
[EventDate "2019.06.27"]
[EventType "swiss"]
[EventCountry "RUS"]
[SourceTitle "playchess.com"]
[Source "ChessBase"]
[SourceQuality "1"]
[TimeControl "40/5400+30:1800+30"]

1. d4 Nf6 2. c4 e6 3. g3 d5 4. Nf3 Bb4+ 5. Bd2 a5 6. Bg2 O-O 7. O-O dxc4 8. Qc2 Bxd2 9. Nbxd2 b5 10. a4 c6 11. b3 cxb3 12. Nxb3 Nd5 13. e4 Nb6 14. axb5 a4 15. Nc5 cxb5 16. Rfb1 Nc6 17. Rxb5 Nxd4 18. Nxd4 Qxd4 19. Rd1 Qc4 20. Qb1 a3 21. Bf1 a2 22. Qa1 Qc2 23. Nb3 Qc7 24. Rc1 Qd8 25. Rd1 Bd7 26. Rb4 Qc7 27. Rd2 Qa7 28. Nc1 Qa5 29. Rbb2 Bc6 30. Nb3 Qg5 31. h4 Qe5 32. Nd4 Qxe4 33. Nxc6 Qxc6 34. Bg2 Nd5 35. Bxd5 exd5 36. Rxa2 Rab8 37. Ra6 Qd7 38. Qe5 Rfd8 39. Kh2 d4 40. Ra5 h6 41. Qe4 Rbc8 42. Ra3 Rc6 43. Rad3 Rd6 44. Qf4 Rd5 45. Qe4 g6 46. Qf4 Kg7 47. Qe4 g5 48. hxg5 hxg5 49. Kg2 Re8 50. Qf3 Rh8 51. Kg1 Re5 52. Rd1 g4 53. Qf4 Reh5 54. Qe4 Qf5 55. Qxd4+ Kg6 56. Kf1 0-1

[Event "72nd RUS-ch Higher League 2019"]
[Site "Yaroslavl"]
[Date "2019.06.27"]
[Round "1.24"]
[White "Popov, Ivan"]
[Black "Kanter, Eduard"]
[Result "1-0"]
[ECO "B24"]
[WhiteElo "2599"]
[BlackElo "2392"]
[Annotator "ChessBase"]
[PlyCount "75"]
[EventDate "2019.06.27"]
[EventType "swiss"]
[EventCountry "RUS"]
[SourceTitle "playchess.com"]
[Source "ChessBase"]
[SourceQuality "1"]
[TimeControl "40/5400+30:1800+30"]

1. e4 c5 2. Nc3 Nc6 3. Bb5 Nd4 4. Nf3 a6 5. Bd3 d6 6. Nxd4 cxd4 7. Ne2 e5 8. c3 dxc3 9. dxc3 Be7 10. O-O Nf6 11. Bg5 Be6 12. Bxf6 Bxf6 13. Bc2 O-O 14. Bb3 Qd7 15. Qc2 Rac8 16. Rad1 Be7 17. Rd3 Qc6 18. Ng3 g6 19. Rfd1 b5 20. Bd5 Qd7 21. Nf1 b4 22. c4 Qc7 23. b3 a5 24. Qe2 Rfe8 25. Bxe6 fxe6 26. Qg4 Bf8 27. h4 Qf7 28. Rf3 Qg7 29. Rg3 Kh8 30. h5 gxh5 31. Qxh5 Qh6 32. Qf7 Be7 33. Rh3 Qg7 34. Qxe6 Rf8 35. Ne3 Qf7 36. Qxf7 Rxf7 37. Nf5 Bf8 38. Nxd6 1-0

[Event "72nd RUS-ch Higher League 2019"]
[Site "Yaroslavl"]
[Date "2019.06.27"]
[Round "1.25"]
[White "Eraschenkov, Denis"]
[Black "Pridorozhni, Aleksei"]
[Result "1/2-1/2"]
[ECO "B30"]
[WhiteElo "2379"]
[BlackElo "2588"]
[Annotator "ChessBase"]
[PlyCount "153"]
[EventDate "2019.06.27"]
[EventType "swiss"]
[EventCountry "RUS"]
[SourceTitle "playchess.com"]
[Source "ChessBase"]
[SourceQuality "1"]
[TimeControl "40/5400+30:1800+30"]

1. e4 c5 2. Nf3 Nc6 3. Nc3 g6 4. Bb5 Bg7 5. Bxc6 dxc6 6. d3 Bg4 7. h3 Bxf3 8. Qxf3 Nf6 9. O-O O-O 10. Qg3 Nh5 11. Qh4 e5 12. Qxd8 Rfxd8 13. Be3 Bf8 14. g3 Ng7 15. Nb1 Ne6 16. Nd2 f5 17. exf5 gxf5 18. Rae1 Re8 19. Nf3 Bg7 20. g4 Rf8 21. gxf5 Rxf5 22. Nd2 Rh5 23. Kh2 Rf8 24. Rg1 Kh8 25. Rg4 b6 26. Ne4 Nf4 27. Bxf4 exf4 28. Ng5 Bh6 29. Nf3 Rhf5 30. Re4 Bg7 31. b3 a5 32. h4 Bc3 33. Kh3 Bb2 34. a4 b5 35. Rg5 Rxg5 36. hxg5 c4 37. axb5 cxb3 38. cxb3 cxb5 39. Kg4 Rd8 40. Ne5 Ra8 41. Kxf4 a4 42. bxa4 bxa4 43. Nc4 a3 44. Nxa3 Rxa3 45. d4 Ra5 46. Re5 Ra4 47. Re4 Kg7 48. Kg4 Ra7 49. f4 Rd7 50. Re2 Ba3 51. Ra2 Bf8 52. Kh5 Rxd4 53. Ra7+ Kg8 54. f5 Rd5 55. Kg4 h5+ 56. Kxh5 Rxf5 57. Kg6 Rd5 58. Ra6 Be7 59. Ra8+ Bd8 60. Kh6 Rd6+ 61. Kh5 Kf8 62. Rb8 Ke8 63. Rb5 Kf7 64. Rb7+ Kf8 65. Rb8 Rd1 66. Kg6 Rd7 67. Ra8 Kg8 68. Rb8 Rd6+ 69. Kh5 Kf7 70. Rb7+ Be7 71. g6+ Kf6 72. g7 Rd8 73. Kh6 Rg8 74. Rb1 Kf7 75. Rb7 Rxg7 76. Rxe7+ Kxe7 77. Kxg7 1/2-1/2

[Event "72nd RUS-ch Higher League 2019"]
[Site "Yaroslavl"]
[Date "2019.06.27"]
[Round "1.26"]
[White "Sakaev, Konstantin"]
[Black "Galaktionov, Artem"]
[Result "1/2-1/2"]
[ECO "B12"]
[WhiteElo "2584"]
[BlackElo "2371"]
[Annotator "ChessBase"]
[PlyCount "104"]
[EventDate "2019.06.27"]
[EventType "swiss"]
[EventCountry "RUS"]
[SourceTitle "playchess.com"]
[Source "ChessBase"]
[SourceQuality "1"]
[TimeControl "40/5400+30:1800+30"]

1. e4 c6 2. d4 d5 3. e5 Bf5 4. Nf3 e6 5. Be2 Ne7 6. O-O Nd7 7. Nbd2 Bg6 8. Nb3 Nf5 9. a4 Be7 10. g4 Nh4 11. Nxh4 Bxh4 12. f4 f5 13. Bd3 O-O 14. g5 h6 15. gxh6 gxh6 16. Rf3 Be7 17. Rh3 h5 18. Be3 h4 19. Kh1 Kf7 20. Be2 Rh8 21. Nd2 c5 22. Nf3 cxd4 23. Bxd4 Rc8 24. c3 Nc5 25. Bxc5 Rxc5 26. Nd4 Qf8 27. Qd2 Qh6 28. Rd1 Rd8 29. Nf3 Rh8 30. Nd4 Rd8 31. Nf3 Rh8 32. Ng5+ Bxg5 33. fxg5 Qg7 34. Qd4 b6 35. b4 Rc7 36. c4 Rd7 37. Qf4 Rhd8 38. Rhd3 Ke7 39. cxd5 Rxd5 40. Rxd5 Rxd5 41. Rxd5 exd5 42. Ba6 Qh8 43. a5 Ke6 44. axb6 axb6 45. Qd4 Qxe5 46. Bc8+ Kd6 47. Qxb6+ Ke7 48. Qxg6 Qe4+ 49. Kg1 Qe3+ 50. Kf1 Qf3+ 51. Ke1 Qe3+ 52. Kf1 Qf3+ 1/2-1/2

[Event "72nd RUS-ch Higher League 2019"]
[Site "Yaroslavl"]
[Date "2019.06.27"]
[Round "1.27"]
[White "Lesovoi, Evgenij"]
[Black "Romanov, Evgeny"]
[Result "0-1"]
[ECO "D02"]
[WhiteElo "2366"]
[BlackElo "2577"]
[Annotator "ChessBase"]
[PlyCount "74"]
[EventDate "2019.06.27"]
[EventType "swiss"]
[EventCountry "RUS"]
[SourceTitle "playchess.com"]
[Source "ChessBase"]
[SourceQuality "1"]
[TimeControl "40/5400+30:1800+30"]

1. d4 d5 2. Nf3 e6 3. c4 Bb4+ 4. Bd2 a5 5. Qc2 Nf6 6. a3 Be7 7. Nc3 b6 8. e4 dxe4 9. Nxe4 Bb7 10. Bd3 Nbd7 11. O-O c5 12. Bc3 cxd4 13. Nxd4 Nc5 14. Nxc5 Bxc5 15. Nb5 Ng4 16. g3 Qg5 17. Be4 Qh5 18. h4 Bxe4 19. Qxe4 O-O 20. Kg2 a4 21. Rae1 Qg6 22. Qf4 Rad8 23. Re4 h5 24. Re2 Rd3 25. Qg5 Kh7 26. Qf4 Rfd8 27. Rfe1 Kg8 28. Qg5 Kh7 29. Qf4 Rd1 30. Qf3 R8d3 31. Qf4 e5 32. Qg5 Qc6+ 33. Kh3 Rxe1 34. Qxh5+ Kg8 35. Rxe1 Bxf2 36. Kxg4 Rxg3+ 37. Kf5 g6+ {[%emt 0:00:23] Ke4} 0-1

[Event "72nd RUS-ch Higher League 2019"]
[Site "Yaroslavl"]
[Date "2019.06.27"]
[Round "1.28"]
[White "Rozum, Ivan"]
[Black "Samojlov, Anton"]
[Result "1-0"]
[ECO "E62"]
[WhiteElo "2572"]
[BlackElo "2350"]
[Annotator "ChessBase"]
[PlyCount "101"]
[EventDate "2019.06.27"]
[EventType "swiss"]
[EventCountry "RUS"]
[SourceTitle "playchess.com"]
[Source "ChessBase"]
[SourceQuality "1"]
[TimeControl "40/5400+30:1800+30"]

1. d4 Nf6 2. c4 g6 3. g3 Bg7 4. Bg2 O-O 5. Nc3 d6 6. Nf3 Nc6 7. O-O Bf5 8. b3 e5 9. d5 Ne7 10. Ne1 Ne8 11. e4 Bd7 12. Bd2 f5 13. exf5 gxf5 14. Nd3 f4 15. Ne4 Nf5 16. Rc1 Nf6 17. gxf4 Nxe4 18. Bxe4 Qh4 19. Kh1 exf4 20. Bxf4 Rae8 21. Bg2 Nd4 22. Bg3 Qg5 23. Re1 Bg4 24. f3 Rxe1+ 25. Nxe1 Bf5 26. f4 Qe7 27. Nf3 Ne2 28. Qe1 Re8 29. Rd1 Bc2 30. Rd2 Bc3 31. Rxe2 Qxe2 32. Qxc3 Re3 33. Qd2 Be4 34. Qxe2 Rxe2 35. a4 Rb2 36. Kg1 a5 37. Bh4 Rb1+ 38. Kf2 Rb2+ 39. Ke3 Bc2 40. Nd2 Bxb3 41. Bf6 Ra2 42. Nxb3 Rxg2 43. Nxa5 b6 44. Nc6 Rxh2 45. Bd8 Ra2 46. Bxc7 Rxa4 47. Bxd6 Rxc4 48. Be7 Rc3+ 49. Kd2 Rb3 50. d6 Rb5 51. Ne5 1-0

[Event "72nd RUS-ch Higher League 2019"]
[Site "Yaroslavl"]
[Date "2019.06.27"]
[Round "1.29"]
[White "Ibadov, Dashgyn"]
[Black "Bocharov, Ivan"]
[Result "1/2-1/2"]
[ECO "B94"]
[WhiteElo "2298"]
[BlackElo "2559"]
[Annotator "ChessBase"]
[PlyCount "82"]
[EventDate "2019.06.27"]
[EventType "swiss"]
[EventCountry "RUS"]
[SourceTitle "playchess.com"]
[Source "ChessBase"]
[SourceQuality "1"]
[TimeControl "40/5400+30:1800+30"]

1. e4 c5 2. Nf3 d6 3. d4 cxd4 4. Nxd4 Nf6 5. Nc3 a6 6. Bg5 Nbd7 7. f4 Qc7 8. Qf3 b5 9. O-O-O Bb7 10. g4 e6 11. a3 Rc8 12. Bxf6 gxf6 13. Kb1 Nc5 14. Bd3 Qb6 15. f5 e5 16. Nb3 Na4 17. Nd5 Bxd5 18. exd5 h5 19. g5 fxg5 20. f6 g4 21. Qf5 Kd8 22. Rhe1 Rc7 23. Re4 Nc5 24. Rb4 Nxb3 25. Rxb3 Qd4 26. Rb4 Qxd5 27. Be2 Qe6 28. Qe4 Qxf6 29. Qa8+ Ke7 30. Qxa6 Bh6 31. Rxb5 Rd8 32. Qb6 Rdd7 33. a4 Qf5 34. Bd3 Qf3 35. Re1 Bf4 36. Qb8 Qf2 37. Rf1 Qxh2 38. Qg8 Rd8 39. Qg7 Qh4 40. Rxf4 exf4 41. Re5+ dxe5 1/2-1/2

[Event "72nd RUS-ch Higher League 2019"]
[Site "Yaroslavl"]
[Date "2019.06.28"]
[Round "2.5"]
[White "Triapishko, Alexandr"]
[Black "Esipenko, Andrey"]
[Result "0-1"]
[ECO "A06"]
[WhiteElo "2512"]
[BlackElo "2611"]
[Annotator "RC"]
[PlyCount "80"]
[EventDate "2019.06.27"]
[EventType "swiss"]
[EventCountry "RUS"]
[SourceTitle "playchess.com"]
[Source "ChessBase"]
[SourceQuality "1"]
[TimeControl "40/5400+30:1800+30"]

1. Nf3 d5 2. g3 g6 3. Bg2 Bg7 4. d4 Nf6 5. O-O O-O 6. Nbd2 c5 7. dxc5 Qc7 8. Nb3 e5 9. e4 dxe4 10. Ng5 Rd8 11. Qe2 Nc6 12. Nxe4 Nxe4 13. Qxe4 Be6 14. c3 a5 15. Qh4 f5 16. Bg5 Rd7 17. Rfd1 a4 18. Nd2 e4 19. Nxe4 fxe4 20. Qxe4 Rxd1+ 21. Rxd1 Bxa2 22. Bh3 Qf7 23. Rd7 Re8 24. Rxf7 Rxe4 25. Rxb7 Re1+ 26. Kg2 Bd5+ 27. f3 Ne5 28. Rb8+ Kf7 29. Bf4 Bxf3+ 30. Kf2 Re2+ 31. Kg1 Bf8 32. Bxe5 Rxe5 33. Kf2 Bc6 34. Rc8 Bxc5+ 35. Kf1 Bb5+ 36. Kg2 Re2+ 37. Kf3 Rf2+ 38. Ke4 Be7 39. c4 Ba6 40. Be6+ Kf6 0-1

[Event "72nd RUS-ch Higher League 2019"]
[Site "Yaroslavl"]
[Date "2019.06.28"]
[Round "2.10"]
[White "Drygalov, Andrey"]
[Black "Najer, Evgeniy"]
[Result "1/2-1/2"]
[ECO "B13"]
[WhiteElo "2494"]
[BlackElo "2678"]
[Annotator "RC"]
[PlyCount "108"]
[EventDate "2019.06.27"]
[EventType "swiss"]
[EventCountry "RUS"]
[SourceTitle "playchess.com"]
[Source "ChessBase"]
[SourceQuality "1"]
[TimeControl "40/5400+30:1800+30"]

1. e4 c6 2. d4 d5 3. exd5 cxd5 4. Bd3 Nc6 5. c3 Nf6 6. Bf4 Bg4 7. Qb3 Qd7 8. Nd2 e6 9. Ngf3 Bd6 10. Bxd6 Qxd6 11. O-O O-O 12. Rfe1 Rab8 13. Ne5 Bh5 14. Re3 Qc7 15. a4 Nxe5 16. Rxe5 Bg6 17. Bxg6 hxg6 18. Re2 Rfd8 19. Nf3 Rd6 20. Ne5 Ra6 21. Ree1 Ne4 22. Nd3 Qd8 23. Qc2 Qg5 24. f3 Qd2 25. Re2 Qxc2 26. Rxc2 Nd6 27. Kf2 g5 28. Nc5 Rc6 29. Nd3 f6 30. Re2 Kf7 31. Rae1 Ne8 32. Nc5 Nc7 33. a5 b6 34. axb6 axb6 35. Nd3 Ra8 36. Rd1 Rd6 37. Ree1 Rdd8 38. Ra1 Nb5 39. Nb4 Nd6 40. Ke2 Nc4 41. b3 Nd6 42. Kd3 Nf5 43. Rad1 Rh8 44. h3 Nh4 45. Rd2 Ng6 46. Kc2 Nf4 47. Kb2 Ra7 48. Nc6 Rc7 49. Nb4 Rhc8 50. Rc2 Ra8 51. Rh1 Rca7 52. Rd2 Rc8 53. Re1 Rac7 54. Rc2 Ra7 1/2-1/2

[Event "72nd RUS-ch Higher League 2019"]
[Site "Yaroslavl"]
[Date "2019.06.28"]
[Round "2.16"]
[White "Nozdrachev, Vladislav"]
[Black "Rakhmanov, Aleksandr"]
[Result "1/2-1/2"]
[ECO "C24"]
[WhiteElo "2481"]
[BlackElo "2615"]
[Annotator "RC"]
[PlyCount "199"]
[EventDate "2019.06.27"]
[EventType "swiss"]
[EventCountry "RUS"]
[SourceTitle "playchess.com"]
[Source "ChessBase"]
[SourceQuality "1"]
[TimeControl "40/5400+30:1800+30"]

1. e4 e5 2. Bc4 Nf6 3. d3 c6 4. Nf3 d5 5. Bb3 Bb4+ 6. Bd2 Bxd2+ 7. Nbxd2 a5 8. c3 Nbd7 9. O-O O-O 10. exd5 cxd5 11. Re1 Qc7 12. Nf1 Re8 13. Ne3 Nb6 14. a4 Bg4 15. h3 Bh5 16. g4 Bg6 17. d4 exd4 18. cxd4 Qf4 19. Ne5 Ne4 20. Qf3 Qh6 21. Nxd5 Ng5 22. Qg3 Nxh3+ 23. Kf1 Nxd5 24. Bxd5 Rad8 25. Bg2 Ng5 26. Qf4 f6 27. Nxg6 Qxg6 28. Bxb7 Qd3+ 29. Kg2 Rxe1 30. Rxe1 Qxd4 31. Qxd4 Rxd4 32. Kg3 Kf7 33. Bc6 g6 34. Re3 Ne6 35. Rb3 Ke7 36. Rb7+ Kd6 37. Bb5 h5 38. Rd7+ Ke5 39. gxh5 gxh5 40. Ra7 h4+ 41. Kh2 Rd2 42. Rxa5 Ng5 43. Bc6+ Kd6 44. Rf5 Kxc6 45. Rxf6+ Kd7 46. Rf5 Ne4 47. Kh3 Nxf2+ 48. Kxh4 Rxb2 49. Kg3 Ne4+ 50. Kf4 Nd6 51. Rd5 Rb4+ 52. Ke3 Ke6 53. Rh5 Nc4+ 54. Kd3 Ne5+ 55. Kc3 Rxa4 56. Rh8 Kd5 57. Rd8+ Ke4 58. Rh8 Rc4+ 59. Kb3 Rc7 60. Rh4+ Ke3 61. Rh3+ Nf3 62. Kb4 Ke4 63. Rh8 Ng5 64. Re8+ Kd5 65. Rd8+ Ke5 66. Re8+ Ne6 67. Rh8 Nf4 68. Re8+ Kd4 69. Rd8+ Nd5+ 70. Kb3 Rc5 71. Rb8 Kd3 72. Rd8 Rb5+ 73. Ka4 Rb1 74. Ka5 Kd4 75. Rh8 Nc7 76. Rh7 Ne6 77. Rh4+ Kc5 78. Rh5+ Kc4 79. Rh4+ Nd4 80. Rh8 Nc6+ 81. Ka6 Nb8+ 82. Ka5 Nc6+ 83. Ka6 Ne7 84. Rh2 Nd5 85. Rc2+ Nc3 86. Rh2 Kc5 87. Rh8 Nd5 88. Rc8+ Kd6 89. Ka5 Nb6 90. Rh8 Kc5 91. Rh5+ Nd5 92. Ka4 Rb8 93. Rg5 Kc4 94. Rg4+ Kd3 95. Rg3+ Ne3 96. Rh3 Rb7 97. Ka5 Kd4 98. Rh4+ Kc5 99. Rh5+ Nd5 100. Ka4 1/2-1/2

[Event "72nd RUS-ch Higher League 2019"]
[Site "Yaroslavl"]
[Date "2019.06.28"]
[Round "2.19"]
[White "Pridorozhni, Aleksei"]
[Black "Murzin, Volodar"]
[Result "1/2-1/2"]
[ECO "B12"]
[WhiteElo "2588"]
[BlackElo "2418"]
[Annotator "ChessBase"]
[PlyCount "103"]
[EventDate "2019.06.27"]
[EventType "swiss"]
[EventCountry "RUS"]
[SourceTitle "playchess.com"]
[Source "ChessBase"]
[SourceQuality "1"]
[TimeControl "40/5400+30:1800+30"]

1. e4 c6 2. d4 d5 3. e5 Bf5 4. h4 h5 5. Bd3 Bxd3 6. Qxd3 Qa5+ 7. Nd2 Qa6 8. e6 Qxd3 9. exf7+ Kxf7 10. cxd3 Nh6 11. Ndf3 Nf5 12. Nh3 Nd7 13. Nhg5+ Kg8 14. Bf4 Nxd4 15. Nxd4 e5 16. Nde6 exf4 17. Nxf4 Re8+ 18. Kf1 Bd6 19. Ngh3 Rh6 20. g3 Nc5 21. Re1 Rxe1+ 22. Kxe1 Be5 23. b3 Ne6 24. Ne2 Bd6 25. Kd2 Rf6 26. Ke3 Rf5 27. f4 Rf8 28. Ng5 Re8 29. Kf3 Bc5 30. Nxe6 Rxe6 31. d4 Bb6 32. b4 Kf7 33. a4 a6 34. b5 axb5 35. axb5 c5 36. Nc3 cxd4 37. Nxd5 Bc5 38. Rd1 Rd6 39. Ke4 Rg6 40. Rg1 d3 41. Rg2 d2 42. Rxd2 Rxg3 43. Rc2 b6 44. Ra2 Ke6 45. f5+ Kd7 46. Nf4 Rg4 47. Rg2 Rxg2 48. Nxg2 Kd6 49. Nf4 Bf2 50. Nxh5 Bxh4 51. Nxg7 Kc5 52. Ne6+ 1/2-1/2

[Event "72nd RUS-ch Higher League 2019"]
[Site "Yaroslavl"]
[Date "2019.06.28"]
[Round "2.20"]
[White "Salemgareev, Tagir"]
[Black "Sakaev, Konstantin"]
[Result "0-1"]
[ECO "B32"]
[WhiteElo "2412"]
[BlackElo "2584"]
[Annotator "ChessBase"]
[PlyCount "76"]
[EventDate "2019.06.27"]
[EventType "swiss"]
[EventCountry "RUS"]
[SourceTitle "playchess.com"]
[Source "ChessBase"]
[SourceQuality "1"]
[TimeControl "40/5400+30:1800+30"]

1. e4 c5 2. Nf3 Nc6 3. d4 cxd4 4. Nxd4 Qb6 5. Nb3 Nf6 6. Nc3 e6 7. a3 a6 8. Be2 d6 9. O-O Be7 10. Be3 Qc7 11. a4 b6 12. f4 O-O 13. Bf3 Rb8 14. Qe2 Bb7 15. Kh1 Nd7 16. Rfd1 Na5 17. Nxa5 bxa5 18. Rab1 Rfe8 19. Qf2 Bc6 20. b3 Ba8 21. Na2 Nf6 22. Rd4 e5 23. fxe5 dxe5 24. Rdd1 Bxe4 25. Bxe4 Nxe4 26. Qe2 Qc6 27. Rd3 f5 28. Rbd1 Red8 29. Rxd8+ Rxd8 30. Rxd8+ Bxd8 31. Nc1 Bc7 32. Nd3 Nc3 33. Qd2 Nd5 34. Bg1 e4 35. Nc5 e3 36. Bxe3 Bb6 37. c4 Nxe3 38. Nd7 Bd4 0-1

[Event "72nd RUS-ch Higher League 2019"]
[Site "Yaroslavl"]
[Date "2019.06.28"]
[Round "2.21"]
[White "Bocharov, Ivan"]
[Black "Eraschenkov, Denis"]
[Result "1-0"]
[ECO "A28"]
[WhiteElo "2559"]
[BlackElo "2379"]
[Annotator "ChessBase"]
[PlyCount "63"]
[EventDate "2019.06.27"]
[EventType "swiss"]
[EventCountry "RUS"]
[SourceTitle "playchess.com"]
[Source "ChessBase"]
[SourceQuality "1"]
[TimeControl "40/5400+30:1800+30"]

1. c4 e5 2. Nc3 Nf6 3. Nf3 Nc6 4. e3 Bb4 5. Qc2 Bxc3 6. bxc3 O-O 7. e4 d6 8. g3 h6 9. Rb1 Nh7 10. Nh4 Ng5 11. Bg2 Rb8 12. O-O Nh3+ 13. Kh1 Nf4 14. Bf3 Qf6 15. Nf5 Ng6 16. Bg2 Nge7 17. Ne3 Qg6 18. f4 f5 19. d3 Bd7 20. g4 fxe4 21. Bxe4 Qf6 22. f5 Nd8 23. g5 hxg5 24. Qg2 Bc6 25. Ng4 Qf7 26. Bxg5 Bxe4 27. dxe4 Ndc6 28. Bxe7 Qxe7 29. f6 Qd7 30. f7+ Kh7 31. Qh3+ Kg6 32. Rf3 1-0

[Event "72nd RUS-ch Higher League 2019"]
[Site "Yaroslavl"]
[Date "2019.06.28"]
[Round "2.24"]
[White "Ponkratov, Pavel"]
[Black "Vlasenko, Miroslav"]
[Result "1-0"]
[ECO "C10"]
[WhiteElo "2649"]
[BlackElo "2417"]
[Annotator "RC"]
[PlyCount "37"]
[EventDate "2019.06.27"]
[EventType "swiss"]
[EventCountry "RUS"]
[SourceTitle "playchess.com"]
[Source "ChessBase"]
[SourceQuality "1"]
[TimeControl "40/5400+30:1800+30"]

1. d4 e6 2. e4 d5 3. Nc3 Nc6 4. e5 Nge7 5. f4 Nf5 6. Nf3 h5 7. Ne2 h4 8. c3 Bd7 9. Neg1 Na5 10. Bd3 Be7 11. Ne2 Nc4 12. Kf2 c5 13. b3 Na5 14. g4 hxg3+ 15. hxg3 Rxh1 16. Qxh1 cxd4 17. Bxf5 exf5 18. Qh8+ Bf8 19. Ba3 1-0

[Event "72nd RUS-ch Higher League 2019"]
[Site "Yaroslavl"]
[Date "2019.06.28"]
[Round "2.26"]
[White "Kobalia, Mikhail"]
[Black "Bykov, Oleg"]
[Result "1/2-1/2"]
[ECO "C11"]
[WhiteElo "2608"]
[BlackElo "2401"]
[Annotator "RC"]
[PlyCount "82"]
[EventDate "2019.06.27"]
[EventType "swiss"]
[EventCountry "RUS"]
[SourceTitle "playchess.com"]
[Source "ChessBase"]
[SourceQuality "1"]
[TimeControl "40/5400+30:1800+30"]

1. e4 e6 2. d4 d5 3. Nc3 Nf6 4. e5 Nfd7 5. f4 c5 6. Nf3 Nc6 7. Be3 cxd4 8. Nxd4 Bc5 9. Qd2 O-O 10. O-O-O a6 11. Kb1 Nxd4 12. Bxd4 b5 13. h4 b4 14. Na4 Bxd4 15. Qxd4 Qa5 16. b3 Bb7 17. h5 Bc6 18. Nb2 Bb5 19. f5 Rfc8 20. Bd3 Qc7 21. fxe6 fxe6 22. Qg4 Nc5 23. h6 g6 24. Qxb4 Qxe5 25. Rde1 Qf6 26. Qd2 Rf8 27. Qe3 Rac8 28. Rhf1 Qe7 29. Rxf8+ Rxf8 30. Qe5 Qf6 31. Qd6 Bxd3 32. cxd3 Qd4 33. Rc1 Rf2 34. Qd8+ Kf7 35. Qc7+ Ke8 36. Qb8+ Ke7 37. Qa7+ Kd6 38. Qb8+ Ke7 39. Qa7+ Kd6 40. Qb8+ Ke7 41. Qa7+ Kd6 1/2-1/2

[Event "72nd RUS-ch Higher League 2019"]
[Site "Yaroslavl"]
[Date "2019.06.28"]
[Round "2.27"]
[White "Belozerov, Andrei"]
[Black "Truskavetsky, Alexandr"]
[Result "1/2-1/2"]
[ECO "B15"]
[WhiteElo "2533"]
[BlackElo "2398"]
[Annotator "ChessBase"]
[PlyCount "80"]
[EventDate "2019.06.27"]
[EventType "swiss"]
[EventCountry "RUS"]
[SourceTitle "playchess.com"]
[Source "ChessBase"]
[SourceQuality "1"]
[TimeControl "40/5400+30:1800+30"]

1. e4 c6 2. d4 d5 3. Nd2 dxe4 4. Nxe4 Nf6 5. Nxf6+ exf6 6. c3 Bd6 7. Bd3 O-O 8. Qc2 Re8+ 9. Ne2 g6 10. h4 Be6 11. h5 f5 12. hxg6 fxg6 13. Bh6 Qf6 14. O-O-O Nd7 15. Nf4 Bf7 16. Kb1 b5 17. Rdg1 b4 18. g4 Bxf4 19. gxf5 Bxh6 20. Rxh6 Nf8 21. fxg6 hxg6 22. Bxg6 Re1+ 23. Rxe1 Bxg6 24. Ka1 Kg7 25. Qd2 bxc3 26. bxc3 c5 27. Rhh1 Rd8 28. Qh6+ Kf7 29. Rh4 Ne6 30. Rg4 cxd4 31. Rxg6 Qxg6 32. Qxg6+ Kxg6 33. Rxe6+ Kf5 34. Re1 dxc3 35. Rc1 Rc8 36. Kb1 Rb8+ 37. Kc2 Rb2+ 38. Kxc3 Rxa2 39. Rc2 Rxc2+ 40. Kxc2 Kf4 1/2-1/2